 Dungeon Crawl Stone Soup version 0.31-a0-1074-g0b22e4e0f1 (webtiles) character file.

Game seed: 9924437421236515362

136297 tbh1313 the Bludgeoner (level 17, -5/195 HPs)
             Began as an Ogre Berserker on Nov 30, 2023.
             Was an Elder of Trog.
             Slain by a naga warrior
             ... wielding a +0 war axe
              (22 damage)
             ... on level 3 of the Snake Pit on Dec 1, 2023.
             The game lasted 01:13:34 (26024 turns).

tbh1313 the Bludgeoner (Ogre Berserker)            Turns: 26024, Time: 01:13:34

Health: -5/195     AC: 21    Str: 27    XL:     17   Next: 21%
Magic:  17/17      EV: 15    Int: 15    God:    Trog [****..]
Gold:   1352       SH: 13    Dex: 12    Spells: 16/16 levels left

rFire   . . .        d - +1 morningstar (flame)
rCold   + . .        R - +0 kite shield {AC+3}
rNeg    . . .        m - +7 toga "Victory" {*Victory Int+7 Slay+7 Clar}
rPois   +            N - +2 hat {Stlth+}
rElec   .            p - +2 cloak {rC+}
rCorr   +            (gloves unavailable)
SInv    .            (boots unavailable)
Will    +++..        Q - amulet of regeneration
Stlth   ++           Y - ring of the Octopus King {rCorr HP+2 AC+2 EV+2 SH+2}
HPRegen 2.32/turn    n - ring of poison resistance
MPRegen 0.15/turn

%: clarity
@: strong-willed, regenerating
A: large, unfitting armour, tough skin 1
a: Renounce Religion, Berserk, Trog's Hand, Brothers in Arms


You were on level 3 of the Snake Pit.
You worshipped Trog.
Trog was greatly pleased with you.
You visited 4 branches of the dungeon, and saw 25 of its levels.
You also visited: Ice Cave.

You collected 2385 gold pieces.
You spent 1033 gold pieces at shops.

Inventory:

Hand Weapons
 d - a +1 morningstar of flaming (weapon)
 q - a +0 giant spiked club of freezing
 C - a +0 giant club
Missiles
 b - 26 large rocks (quivered)
 f - 22 stones
 i - 5 poisoned darts
 D - 4 throwing nets
 M - 7 javelins
 W - 11 curare-tipped darts
Armour
 m - the +7 toga "Victory" (worn) {*Victory Int+7 Slay+7 Clar}
   (You found it on level 3 of the Dungeon)

   *Victory:  When the wearer kills a threatening monster, it has a chance to
   gain +1 AC, +1 Slay, and +1 Int, capping at +7.
   When the wearer uses a scroll or a potion with a hostile monster in sight,
   its bonuses reset to +0.
   Unequipping it also resets its bonuses to +0.
   Int+7:     It affects your intelligence (+7).
   Slay+7:    It affects your accuracy & damage with ranged weapons and melee
   (+7).
   Clar:      It protects you from confusion, rage, mesmerisation and fear.
 p - a +2 cloak of cold resistance (worn)
 N - a +2 hat of stealth (worn)
 R - a +0 kite shield of protection (worn)
Jewellery
 g - the ring "Ucagg" {rF+ Str+3 Dex+6}
   (You found it on level 1 of the Snake Pit)

   [ring of dexterity]

   Str+3:     It affects your strength (+3).
   Dex+6:     It affects your dexterity (+6).
   rF+:       It protects you from fire.
 n - a ring of poison resistance (right hand)
 y - a ring of willpower
 H - a ring of see invisible
 Q - an amulet of regeneration (around neck)
 S - a ring of ice
 Y - a ring of the Octopus King (left hand) {rCorr HP+2 AC+2 EV+2 SH+2}
   (You bought it in a shop on level 3 of the Dungeon)

   [ring of resist corrosion]

   AC+2:      It affects your AC (+2).
   EV+2:      It affects your evasion (+2).
   HP+2:      It affects your health (+2).
   rCorr:     It protects you from acid and corrosion.
   SH+2:      It affects your SH (+2).
Wands
 a - a wand of roots (6)
 U - a wand of digging (7)
Scrolls
 l - 2 scrolls of enchant weapon
 o - 2 scrolls of fog
 t - 11 scrolls of teleportation
 w - 11 scrolls of identify
 E - 2 scrolls of revelation
 I - 3 scrolls of fear
 P - 4 scrolls of silence
 X - a scroll of butterflies
Potions
 c - 4 potions of enlightenment
 e - a potion of attraction
 h - a potion of invisibility
 j - 4 potions of might
 k - 10 potions of curing
 s - 5 potions of heal wounds
 z - 3 potions of ambrosia
 O - 2 potions of cancellation


   Skills:
 - Level 18.0 Fighting
 - Level 18.0 Maces & Flails
 - Level 6.6 Throwing
 + Level 9.3 Armour
 - Level 11.1 Dodging
 - Level 10.0 Shields


You had 16 spell levels left.
You didn't know any spells.
Your spell library contained the following spells:

 Spells                   Type           Power      Damage    Failure   Level
 Cigotuvi's Dreadful Rot  Necr/Pois/Air  0%         N/A       54%         2
 Ensorcelled Hibernation  Hex/Ice        0%         N/A       54%         2
 Passwall                 Tmut/Erth      0%         N/A       54%         2
 Static Discharge         Conj/Air       0%         3-3/arc   54%         2
 Sublimation of Blood     Necr           0%         N/A       54%         2
 Gell's Gravitas          Tloc           0%         N/A       78%         3
 Ignite Poison            Fire/Tmut/Pois 0%         N/A       78%         3
 Inner Flame              Hex/Fire       0%         N/A       78%         3
 Swiftness                Air            0%         N/A       78%         3
 Teleport Other           Tloc           0%         N/A       78%         3
 Airstrike                Air            0%         2d(0-16)  99%         4
 Animate Armour           Summ/Erth      0%         N/A       99%         4
 Animate Dead             Necr           0%         N/A       99%         4
 Flame Wave               Conj/Fire      0%         2d4       99%         4
 Manifold Assault         Tloc           0%         N/A       99%         4
 Petrify                  Tmut/Erth      0%         N/A       99%         4
 Sticky Flame             Conj/Fire      0%         2d3       99%         4
 Summon Ice Beast         Ice/Summ       0%         N/A       99%         4
 Summon Lightning Spire   Summ/Air       0%         N/A       99%         4
 Borgnjor's Vile Clutch   Necr/Erth      0%         N/A       100%        5
 Freezing Cloud           Conj/Ice/Air   0%         6-21      100%        5
 Irradiate                Conj/Tmut      0%         3d11      100%        5
 Iskenderun's Battlesphe  Conj           0%         2d6       100%        5
 Lee's Rapid Deconstruct  Erth           0%         3d4*      100%        5
 Summon Forest            Summ/Tloc      0%         N/A       100%        5
 Bombard                  Conj/Erth      0%         9d1       100%        6
 Death Channel            Necr           0%         N/A       100%        6
 Dispersal                Tloc           0%         N/A       100%        6
 Eringya's Noxious Bog    Tmut/Pois      0%         4d6       100%        6
 Spellforged Servitor     Conj/Summ      0%         N/A       100%        7
 Summon Hydra             Summ           0%         N/A       100%        7
 Disjunction              Tloc           0%         N/A       100%        8
 Polar Vortex             Ice            0%         N/A       100%        9


Dungeon Overview and Level Annotations

Branches:
Dungeon (15/15)            Temple (0/1) D:4            Lair (5/5) D:8
  Swamp (2/4) Lair:3        Snake (3/4) Lair:3        Slime (0/5) Lair:4
    Orc (0/2) D:11         Vaults (0/5) D:14         Depths (0/4) D:15
  IceCv (visited)

Altars:
Fedhas
Gozag
Kikubaaqudgha
Ru
Trog
Uskayaw
Wu Jian
Jiyva

Shops:
D:3 =   D:8 *   D:10 ?   D:14 :   Snake:2 [

Annotations:
D:12 2 transporters, Xidur's ghost, journeyman DEHW
D:13 3 runed translucent doors, kairosrom117's ghost, journeyman DrFE
Lair:4 exclusion: oklob plant
Swamp:1 3 runed translucent doors, lotum's ghost, adept FoFi
Swamp:2 Roxanne


Innate Abilities, Weirdness & Mutations

You are too large for most types of armour.
You have tough skin. (AC +1)


Message History

Trog appreciates your killing of a magic user.
You feel sick.
Your ogre barely misses the naga warrior.
The naga closely misses you. The naga constricts you.
You block the salamander's attack. x2; You block the naga warrior's attack.
The naga warrior blocks your attack.
You feel sick.
Your ogre hits the naga warrior with a +0 giant club!
You block the naga's attack. The naga constricts you.
The salamander hits you with a +0 glaive!!
* * * LOW HITPOINT WARNING * * *
You are engulfed in flames!
* * * LOW HITPOINT WARNING * * *
You block the naga warrior's attack. The salamander completely misses you.
You impale the naga warrior!! You burn the naga warrior.
The naga warrior is almost dead.
You feel sick.
You are no longer poisoned.
The naga warrior hits you with a +0 mace!
* * * LOW HITPOINT WARNING * * *
Your ogre hits the naga warrior with a +0 giant club!!
The naga warrior dies!
Trog accepts your kill. The naga closely misses you. The naga constricts you.
* * * LOW HITPOINT WARNING * * *
Your two-headed ogre goes berserk!
Trog will no longer gift you weapons.
The salamander hits you with a +0 glaive!!
* * * LOW HITPOINT WARNING * * *
You are engulfed in flames!
* * * LOW HITPOINT WARNING * * *
You block the salamander's attack.
The naga warrior hits you with a +0 war axe.
* * * LOW HITPOINT WARNING * * *
Your ogre hits the naga with a +0 giant club!!!
The naga dies!
Trog accepts your kill.
Okay, then.
The salamander barely misses you.
The naga warrior hits you with a +0 war axe!!
You die...

#.# #......... ...... #.#
#......... ...... #.# #.>.......
...... #.# ##........ ......#
#.# #......... .N..' . #.#
#......... ..'
...########.###.........
##.#'##.......N.N....+......^..
#.....##......@)N....+.........
#.#...#.#...:...O.O...+.........
#...#.###############.........
#.♣.#.# #........ # #...#.#
##......# #.#...#.# #'''####
#.....## #...# ###'### #...##
###.....####### #....#


You could see a naga warrior (strong, catching breath), 2 salamanders, a
friendly two-headed ogre (summoned, berserk) and a friendly ogre (summoned,
berserk).

Levels and vault maps discovered:
D:1:      dpeg_arrival_windows_large_door, layout_loops_ring,
          hellmonk_ecumenical_altar_slurped_away
D:2:      layout_loops_cross, minmay_joined_circles
D:3:      layout_loops_ring, serial_shops, shop_statue
D:4:      layout_cave_pools, minmay_temple_entry_glassed_door, kennysheep_dice
D:5:      layout_loops_corners, general_overflow_altar
D:6:      layout_loops_corners, uniq_eustachio, uniq_edmund
D:7:      layout_loops_ring, dk_noncrumbling_4, kennysheep_path_1
D:8:      layout_rooms, dpeg_oklobed_lair, serial_shops, nicolae_stop_n_shop_1,
          st_stairs_9
D:9:      layout_small_grid, uniq_harold, uniq_joseph, uniq_jeremiah
D:10:     layout_irregular_city, serial_shops, shop, uniq_gastronok,
          uniq_maurice, uniq_erica
D:11:     layout_big_octagon, orc_david_3, nicolae_nh_vlads_tower, uniq_urug
D:12:     layout_cave_pools, gammafunk_ghost_wrathful_warriors,
          portal_ice_cave_entry_imps
D:13:     layout_gridville, ebering_ghost_gozag, nzn_wu_jian_contemplation
D:14:     layout_basic, david_vaults_4, small_statue_intersection, serial_shops,
          nicolae_shop_statue_plus
D:15:     grunt_enter_depths_giant_problem, layout_cave_pools, basic_altar,
          uniq_nessos
Lair:1:   layout_roguey, lemuel_fruit_tree, grunt_megastairs_4
Lair:2:   layout_cellular_growth, serial_bayou_shore_b
Lair:3:   dreamdust_cave_troll, layout_loops_ring, minmay_swamp_entry_wisps,
          alex1729_snake_entry_snake, infiniplex_staircase_pool_2
Lair:4:   layout_hall_layers, slime_entry_1, tgw_fedhas,
          infiniplex_staircase_pool, lemuel_fruit_fields
Lair:5:   guppyfry_lair_end_dragon, layout_gridlike, uniq_sonja
Swamp:1:  layout_basic_swamp, gammafunk_ghost_necromancy,
          hangedman_swamp_ruin_wall, swamp_pool_1_2
Swamp:2:  layout_basic_swamp, nicolae_swamp_reclaimed_castle, uniq_frances,
          uniq_roxanne, uniq_donald
Snake:1:  layout_misc_corridors
Snake:2:  layout_chambers, serial_shops, nicolae_diamond_shop,
          grunt_megastairs_2
Snake:3:  layout_gridlike, drop_trap, serial_bayou_shore_a, grunt_megastairs_1

Notes
Turn   | Place    | Note
-------+----------+-------------------------------------------
     0 | D:1      | tbh1313 the Ogre Berserker began the quest for the Orb.
     0 | D:1      | Reached XP level 1. HP: 24/24 MP: 1/1
    61 | D:1      | You fall into a shaft and drop 1 floor!
   152 | D:2      | Reached XP level 2. HP: 32/32 MP: 2/2
   576 | D:1      | Reached XP level 3. HP: 39/39 MP: 3/3
   579 | D:1      | Found a faded altar of an unknown god.
   767 | D:1      | Reached ** piety under Trog
  1246 | D:2      | Reached XP level 4. HP: 33/48 MP: 4/4
  1563 | D:3      | Found the +0 toga "Victory" {*Victory Clar}
  1610 | D:3      | Reached XP level 5. HP: 35/54 MP: 5/5
  1912 | D:3      | Found Qorri's Jewellery Boutique.
  2478 | D:4      | Found a staircase to the Ecumenical Temple.
  2497 | D:4      | Reached skill level 5 in Maces & Flails
  2506 | D:4      | Reached XP level 6. HP: 62/62 MP: 6/6
  2619 | D:4      | Reached *** piety under Trog
  2819 | D:5      | Entered Level 5 of the Dungeon
  3417 | D:5      | Reached XP level 7. HP: 32/70 MP: 7/7
  3882 | D:5      | Found a hide-covered altar of Uskayaw.
  4108 | D:6      | Noticed Edmund
  4119 | D:6      | Killed Edmund
  4217 | D:6      | Reached skill level 5 in Dodging
  4371 | D:6      | Noticed Eustachio
  4393 | D:6      | Killed Eustachio
  4394 | D:6      | Reached XP level 8. HP: 74/78 MP: 8/8
  4422 | D:6      | Identified the +5 helmet of Darkness {Will- Regen+ Str+9
                  | Stlth-}
  5074 | D:7      | Reached XP level 9. HP: 82/84 MP: 9/9
  5150 | D:7      | Reached skill level 10 in Maces & Flails
  5837 | D:8      | Found Feef's Assorted Antiques.
  5843 | D:8      | Bought a smoking cloak for 247 gold pieces
  5843 | D:8      | Identified the +1 cloak "Lexyded" {+Blink Will- Dex+3} (You
                  | bought it in a shop on level 8 of the Dungeon)
  5848 | D:8      | Bought a scroll labelled WATEET ZOCVYN for 26 gold pieces
  5988 | D:8      | Reached **** piety under Trog
  6072 | D:8      | Found a staircase to the Lair.
  6577 | D:9      | Noticed Harold
  6584 | D:9      | Noticed Jeremiah
  6593 | D:9      | Killed Harold
  6594 | D:9      | Reached XP level 10. HP: 90/92 MP: 10/10
  6838 | D:9      | Noticed Joseph
  6849 | D:9      | Killed Joseph
  6905 | D:9      | HP: 6/69 [orc priest/divine providence (11)]
  7338 | D:9      | Killed Jeremiah
  7809 | D:10     | Entered Level 10 of the Dungeon
  7915 | D:10     | Noticed Maurice
  7925 | D:10     | Maurice stole a ring of see invisible
  7926 | D:10     | Maurice stole a +0 flail of holy wrath
  7934 | D:10     | Maurice stole 122 gold
  7937 | D:10     | Killed Maurice
  8295 | D:10     | Found Weekiv's Magic Scroll Shop.
  8309 | D:10     | Reached skill level 1 in Armour
  8352 | D:10     | Bought a scroll of vulnerability for 56 gold pieces
  8352 | D:10     | Bought a scroll of identify for 28 gold pieces
  8545 | D:10     | Noticed Erica
  8547 | D:10     | Noticed a two-headed ogre
  8567 | D:10     | Killed Erica
  8568 | D:10     | Reached XP level 11. HP: 92/100 MP: 11/11
  8602 | D:10     | Killed a two-headed ogre
  8816 | D:10     | Noticed Gastronok
  8838 | D:10     | Killed Gastronok
  8839 | D:10     | Reached skill level 5 in Armour
  8839 | D:10     | Reached skill level 5 in Fighting
  9128 | Lair:1   | Entered Level 1 of the Lair of Beasts
  9646 | Lair:1   | Reached skill level 10 in Fighting
  9664 | Lair:1   | Reached skill level 1 in Throwing
 10187 | Lair:2   | Reached XP level 12. HP: 126/126 MP: 12/12
 10820 | Lair:2   | Noticed a five-headed hydra
 10831 | Lair:2   | Killed a five-headed hydra
 11261 | Lair:3   | Reached skill level 1 in Shields
 11573 | Lair:3   | Found a staircase to the Snake Pit.
 11615 | Lair:3   | Found a staircase to the Swamp.
 12284 | Lair:4   | Noticed a skyshark
 12310 | Lair:4   | Killed a skyshark
 12311 | Lair:4   | Reached skill level 10 in Dodging
 12311 | Lair:4   | Reached skill level 5 in Shields
 12311 | Lair:4   | Reached XP level 13. HP: 115/133 MP: 13/13
 12384 | Lair:4   | Found a staircase to the Slime Pits.
 12385 | Lair:4   | Found a viscous altar of Jiyva.
 12714 | Lair:4   | Reached skill level 15 in Maces & Flails
 12974 | Lair:4   | Found a blossoming altar of Fedhas.
 13234 | Lair:5   | Entered Level 5 of the Lair of Beasts
 13236 | Lair:5   | Noticed Sonja
 13252 | Lair:5   | Killed Sonja
 13715 | Lair:5   | Reached ***** piety under Trog
 14413 | Lair:5   | Noticed a fire dragon
 14481 | Lair:5   | Killed a fire dragon
 14482 | Lair:5   | Reached XP level 14. HP: 113/143 MP: 14/14
 15044 | D:11     | Noticed Urug
 15059 | D:11     | Killed Urug
 15059 | D:11     | Received a gift from Trog
 15157 | D:11     | Found a staircase to the Orcish Mines.
 15425 | D:11     | Found an ancient bone altar of Kikubaaqudgha.
 15971 | D:12     | Found a frozen archway.
 16010 | IceCv    | Entered an ice cave
 16132 | IceCv    | Received a gift from Trog
 16142 | IceCv    | Identified the +2 pair of boots of the Centipede {Rampage}
 16379 | IceCv    | Noticed a frost giant
 16396 | IceCv    | Killed a frost giant
 16550 | IceCv    | Got the Tome of the Glacier
 16935 | D:12     | Noticed Xidur's ghost (journeyman DEHW)
 17039 | D:12     | Found a transporter.
 17090 | D:12     | Found a transporter.
 17427 | D:12     | Found a bloodstained altar of Trog.
 17463 | D:13     | Found an ornate altar of the Wu Jian Council.
 17765 | D:13     | Received a gift from Trog
 17795 | D:13     | Found a runed translucent gate.
 17796 | D:13     | Found a runed translucent gate.
 17796 | D:13     | Found a runed translucent gate.
 17796 | D:13     | Found an opulent altar of Gozag.
 17798 | D:13     | Noticed kairosrom117's ghost (journeyman DrFE)
 17834 | D:13     | Reached XP level 15. HP: 165/165 MP: 15/15
 18120 | D:13     | Reached skill level 15 in Fighting
 19037 | D:14     | Found a gate to the Vaults.
 19090 | D:14     | Found Tiokluk's Book Emporium.
 19244 | D:15     | Entered Level 15 of the Dungeon
 19244 | D:15     | Found a staircase to the Depths.
 19244 | D:15     | Noticed a fire giant
 19278 | D:15     | Reached skill level 5 in Throwing
 19459 | D:15     | Noticed Nessos
 19718 | D:15     | Killed a fire giant
 19875 | D:15     | Killed Nessos
 20145 | D:15     | Found a sacrificial altar of Ru.
 20205 | D:15     | Received a gift from Trog
 20602 | D:3      | Bought a ring of the Octopus King {rCorr HP+2 AC+2 EV+2
                  | SH+2} for 676 gold pieces
 20602 | D:3      | Found the ring of the Octopus King {rCorr HP+2 AC+2 EV+2
                  | SH+2}
 20767 | Swamp:1  | Entered Level 1 of the Swamp
 20833 | Swamp:1  | Found a runed translucent gate.
 20833 | Swamp:1  | Found a runed translucent gate.
 20833 | Swamp:1  | Found a runed translucent gate.
 20835 | Swamp:1  | Noticed lotum's ghost (adept FoFi)
 21046 | Swamp:1  | Reached XP level 16. HP: 138/185 MP: 16/16
 21745 | Swamp:2  | Noticed Roxanne
 21745 | Swamp:2  | Noticed Donald
 21757 | Swamp:2  | Killed Donald
 21979 | Snake:1  | Entered Level 1 of the Snake Pit
 22026 | Snake:1  | Identified the ring "Ucagg" {rF+ Str+3 Dex+6}
 22748 | Snake:2  | Reached skill level 10 in Shields
 22998 | Snake:2  | Received a gift from Trog
 23254 | Snake:2  | HP: 9/187 [shock serpent/bolt of electricity (16)]
 23747 | Snake:2  | Noticed a nagaraja
 23768 | Snake:2  | Killed a nagaraja
 24052 | Snake:2  | Found Jij Gia's Armour Boutique.
 25213 | Snake:3  | Reached XP level 17. HP: 193/193 MP: 17/17
 26023 | Snake:3  | HP: 17/195 [salamander/+0 glaive (12)]
 26024 | Snake:3  | Slain by a naga warrior

Table legend: (Time is in decaauts)
 A = Elapsed time spent in this place.
 B = Non-inter-level travel time spent in this place.
 C = Inter-level travel time spent in this place.
 D = Time resting spent in this place.
 E = Time spent auto-exploring this place.
 F = Levels seen in this place.
 G = Mean time per level.
                   A        B        C        D        E       F      G
               +--------+--------+--------+--------+--------+-----+--------+
         Total |  25827 |  23987 |   1840 |   5139 |  13787 |  26 |  993.3 |
       Dungeon |  14297 |  13198 |   1099 |   2657 |   8080 |  15 |  953.1 |
          Lair |   5648 |   5198 |    450 |    724 |   3136 |   5 | 1129.6 |
         Swamp |   1050 |    967 |     83 |    307 |    456 |   2 |  525.0 |
     Snake Pit |   3971 |   3764 |    207 |   1358 |   1645 |   3 | 1323.7 |
      Ice Cave |    859 |    859 |      0 |     91 |    470 |   1 |  859.0 |
               +--------+--------+--------+--------+--------+-----+--------+

Top non-repeatable levels by time:
 Snake:2: 2048 daAuts
    D:10: 1365 daAuts
  Lair:5: 1359 daAuts
  Lair:2: 1257 daAuts
     D:5: 1253 daAuts
     D:8: 1189 daAuts
    D:14: 1142 daAuts
     D:6: 1117 daAuts
 Snake:3: 1114 daAuts
  Lair:1: 1041 daAuts
  Lair:3: 1041 daAuts
 Swamp:1: 1020 daAuts
  Lair:4: 948 daAuts
     D:7: 916 daAuts
    D:13: 914 daAuts

Table legend:
 A = Kills in this place as a percentage of kills in the entire game.
 B = Kills by you in this place as a percentage of kills by you in the entire game.
 C = Kills by friends in this place as a percentage of kills by friends in the entire game.
 D = Other kills in this place as a percentage of other kills in the entire game.
 E = Experience gained in this place as a percentage of experience gained in the entire game.
 F = Experience gained in this place divided by the number of levels of this place that you have seen.
                   A       B       C       D       E      F
               +-------+-------+-------+-------+-------+----------------------
         Total | 100.0 | 100.0 | 100.0 | 100.0 | 100.0 | 7488.9
       Dungeon |  50.4 |  50.9 |   0.0 |   0.0 |  32.1 | 4167.0
          Lair |  21.9 |  22.0 |   0.0 |  50.0 |  21.9 | 8541.4
         Swamp |   5.4 |   5.4 |   0.0 |  50.0 |   9.7 | 9486.5
     Snake Pit |  14.6 |  14.0 | 100.0 |   0.0 |  29.0 | 18849.7
      Ice Cave |   7.6 |   7.7 |   0.0 |   0.0 |   7.2 | 13977.0
               +-------+-------+-------+-------+-------+----------------------

Action                     |  1- 3 |  4- 6 |  7- 9 | 10-12 | 13-15 | 16-18 || total
---------------------------+-------+-------+-------+-------+-------+-------++-------
  Melee: Mace              |    85 |   161 |   220 |   653 |   804 |       ||  1923
         Punch             |       |     1 |     4 |     6 |       |       ||    11
         Morningstar       |       |       |       |       |   558 |   519 ||  1077
  Throw: Dart              |       |       |     4 |     4 |     7 |       ||    15
         Stone             |       |       |       |       |    20 |       ||    20
         Throwing net      |       |       |       |       |     3 |       ||     3
         Javelin           |       |       |       |       |     4 |       ||     4
         Large rock        |       |       |       |       |     1 |     2 ||     3
 Invoke: Berserk           |     1 |     2 |     6 |    10 |    11 |     4 ||    34
         Trog's Hand       |       |       |     2 |     3 |     7 |     8 ||    20
         Brothers in Arms  |       |       |       |       |       |     4 ||     4
    Use: Scroll            |     2 |    11 |     3 |     6 |     6 |     1 ||    29
   Stab: Sleeping          |       |       |       |     4 |     9 |     7 ||    20
         Distracted        |       |       |       |       |     2 |       ||     2
 Armour: Animal skin       |    45 |    50 |       |       |       |       ||    95
         Robe              |       |   107 |   169 |   575 |  1041 |   330 ||  2222
  Dodge: Dodged            |    33 |   115 |    99 |   403 |   842 |   257 ||  1749
  Block: Kite shield       |       |       |       |   137 |   815 |   403 ||  1355

Vanquished Creatures
  Gastronok (D:10)
  Donald (Swamp:2)
  A fire giant (D:15)
  2 nagarajas
  A frost giant (IceCv)
  Nessos (D:15)
  2 eleionomae (Swamp:1)
  A bunyip (Swamp:1)
  A fire dragon (Lair:5)
  A salamander tyrant (Snake:3)
  5 alligators
  Harold (D:9)
  Erica (D:10)
  4 hydras
  A ghost crab (Swamp:2)
  6 boulder beetles
  8 death yaks
  An ogre mage (D:15)
  3 centaur warriors
  8 anacondas
  A vampire mage (D:11)
  6 naga warriors
  2 tengu warriors (D:15)
  8 two-headed ogres
  Urug (D:11)
  9 naga sharpshooters
  3 shock serpents
  Sonja (Lair:5)
  A skyshark (Lair:4)
  A shadow wraith (D:14)
  3 skeletal warriors (D:13)
  A spriggan druid (Swamp:1)
  15 slime creatures
  5 naga ritualists
  A lindwurm (Lair:3)
  A swamp dragon (Lair:5)
  2 orc knights (D:15)
  2 bog bodies (Swamp:1)
  3 deep elf pyromancers
  An ugly thing (D:11)
  10 mana vipers
  An orc sorcerer (D:15)
  3 will-o-the-wisps
  7 cyclopes
  10 salamanders
  Maurice (D:10)
  23 black mambas
  Joseph (D:9)
  8 elephants
  12 naga magi
  An ice statue (IceCv)
  A water nymph (shapeshifter) (D:14)
  A black mamba (shapeshifter) (D:14)
  2 guardian serpents
  9 cane toads
  6 komodo dragons
  A kobold demonologist (D:11)
  Jeremiah (D:9)
  6 rime drakes
  A yaktaur (shapeshifter) (D:14)
  3 efreet
  6 trolls
  A meliai (shapeshifter) (D:15)
  3 tyrant leeches (Swamp:1)
  11 polar bears
  7 hornets (Swamp:1)
  7 dream sheep (Lair:5)
  11 blink frogs
  3 wyverns
  7 spriggans (Swamp:1)
  7 vampires (D:11)
  2 wraiths
  57 yaks
  Eustachio (D:6)
  9 basilisks
  A steam dragon (Lair:5)
  17 vampire mosquitoes
  A redback simulacrum (D:15)
  Edmund (D:6)
  16 nagas
  4 swamp worms (Swamp:1)
  A warg (D:15)
  2 acid dragons
  8 orc warriors
  13 water moccasins
  A meliai simulacrum (D:15)
  2 swamp drakes
  2 ice beasts
  A sky beast (D:7)
  3 black bears
  A black bear (shapeshifter) (D:14)
  2 ogres
  33 wolves
  17 centaurs
  8 bullfrogs
  3 scorpions
  2 gnoll sergeants (D:8)
  9 wights (D:9)
  14 killer bees
  6 howler monkeys
  An electric eel (Lair:5)
  4 hounds
  4 orc priests
  A sleepcap (D:7)
  12 orc wizards
  8 iguanas
  10 gnolls
  9 adders
  12 white imps (D:12)
  3 dart slugs
  43 orcs
  5 ball pythons
  7 bats
  10 endoplasms
  A giant cockroach (D:4)
  8 goblins
  A hobgoblin (D:1)
  4 jackals (D:3)
  2 quokkas
  6 frilled lizards
  4 kobolds
  11 rats
691 creatures vanquished.

Vanquished Creatures (collateral kills)
  A naga warrior (Snake:3)
  A shock serpent (Snake:2)
  3 nagas
5 creatures vanquished.

Vanquished Creatures (others)
  An alligator (Swamp:2)
  A bloated husk (Swamp:1)
  An iguana (Lair:5)
  6 foxfires
9 creatures vanquished.

Grand Total: 705 creatures vanquished
